 Dungeon Sprint DCSS version 0.25-b1-37-g2669288c55 (webtiles) character file.

Game seed: 2007049233423058850

625 Chiseanne the Destroyer (level 7, -6/46 HPs)
             Began as a Demonspawn Wizard on June 4, 2020.
             Was an Initiate of Fedhas.
             Mangled by a deep troll (16 damage)
             ... in the Dungeon (Sprint I: "Red Sonja").
             The game lasted 00:05:36 (790 turns).

Chiseanne the Destroyer (Demonspawn Wizard)          Turns: 790, Time: 00:05:37

Health: -6/46      AC:  2    Str:  8    XL:     7   Next: 23%
Magic:  0/21       EV: 12    Int: 21    God:    Fedhas [......]
Gold:   342        SH:  0    Dex: 11    Spells: 19/27 levels left

rFire    . . .     SeeInvis .   a - +1 short sword (venom)
rCold    . . .     Gourm    .   (no shield)
rNeg     . . .     Faith    .   k - +0 robe
rPois    .         Spirit   +   b - +0 hat
rElec    .         Reflect  .   (no cloak)
rCorr    +         Harm     .   (no gloves)
MR       .....     NoTele   +   (no boots)
Stlth    ++........             (no amulet)
HPRegen  0.15/turn              o - ring of resist corrosion
MPRegen  0.17/turn              (no ring)

@: no status effects
A: talons 2, magic shield
a: Renounce Religion


You were in the Dungeon.
You worshipped Fedhas.
Fedhas was noncommittal.
You were not hungry.

You visited 1 branch You collected 594 gold pieces.
You spent 252 gold pieces at shops.

Inventory:

Hand Weapons
 a - a +1 short sword of venom (weapon)
Missiles
 l - 7 curare-tipped darts (quivered)
 m - 12 arrows
Armour
 b - a +0 hat (worn)
 i - a +0 leather armour
 k - a +0 robe (worn)
Jewellery
 o - a ring of resist corrosion (left hand)
Scrolls
 j - a scroll of blinking
Potions
 e - 4 potions of curing
 f - a potion of heal wounds
 g - a potion of haste
 h - a potion of magic
Comestibles
 d - 2 rations


   Skills:
 - Level 1.7 Dodging
 - Level 1.7 Stealth
 * Level 10.6 Spellcasting
 * Level 11.0 Conjurations
 - Level 1.0 Summonings
 - Level 0.8 Translocations


You had 19 spell levels left.
You knew the following spells:

 Your Spells              Type           Power        Failure   Level  Hunger
a - Magic Dart            Conj           ####         1%          1    None
b - Call Imp              Summ           ###.....     6%          2    None
c - Blink                 Tloc           N/A          6%          2    None
d - Mephitic Cloud        Conj/Pois/Air  ####....     4%          3    None

Your spell library contained the following spells:

 Spells                   Type           Power        Failure   Level  Hunger
 Conjure Flame            Conj/Fire      ####....     1%          3    None
 Slow                     Hex            ##......     10%         2    None


Dungeon Overview and Level Annotations

Branches:
Dungeon (1/1)

Altars:
Cheibriados
Dithmenos
Elyvilon
Fedhas
Gozag
Hepliaklqana
Kikubaaqudgha
Nemelex Xobeh
Okawaru
Qazlal
Ru
Sif Muna
Trog
Uskayaw
Vehumet
Wu Jian
Yredelemnul
Zin
The Shining One

Shops:
D !*

Annotations:
D exclusion: door


Innate Abilities, Weirdness & Mutations

You have razor-sharp toenails.
When hurt, damage is shared between your health and your magic reserves.


Message History

The deep troll is engulfed in noxious fumes.
The deep troll appears confused.
You hit the deep troll but do no damage.
The deep troll is engulfed in noxious fumes.
The deep troll appears confused.
You barely miss the deep troll. Your kick misses the deep troll.
The deep troll is lightly wounded.
The deep troll is engulfed in noxious fumes.
The deep troll appears confused.
The deep troll bites you!!
* * * LOW HITPOINT WARNING * * *
The deep troll barely misses you. The deep troll claws you.
* * * LOW HITPOINT WARNING * * *
The deep troll is engulfed in noxious fumes.
The deep troll appears confused.
Casting: Mephitic Cloud (dangerous; 4% risk of failure)
Confirm with . or Enter, or press ? or * to list all spells.
A beastly little devil appears in a puff of flame.
The deep troll bites you!!
You die...
Fedhas appreciates your contribution to the ecosystem.

#..#####'#####'#
#..####..#...#.#
#..#__####..##[#
#..#_____##'#_.+
#⌠⌠#_.∩...'..._#
####_..__##_.#'#
#_____###'#.#
############.####+###
#∩..5@T..°'..)'$$.$$+
###++++####...#######
###§### #.#+#.#
#.....# #.)...#
#######


You could see a deep troll (confused) and a friendly crimson imp (summoned).

Vanquished Creatures
  Sonja (D)
  Ijyb (D)
2 creatures vanquished.

Vanquished Creatures (collateral kills)
  Sigmund (D)
  A yak (D)
  An ogre (D)
  A jelly (D)
4 creatures vanquished.

Vanquished Creatures (others)
  A gargoyle (D)
1 creature vanquished.

Grand Total: 7 creatures vanquished

Notes
Turn   | Place    | Note
-------+----------+-------------------------------------------
     0 | D        | Chiseanne the Demonspawn Wizard began the quest for the
                  | Orb.
     0 | D        | Reached XP level 1. HP: 13/13 MP: 4/4
     1 | D        | Noticed Ijyb
    16 | D        | Killed Ijyb
    16 | D        | Reached skill level 4 in Conjurations
    16 | D        | Gained mutation: When hurt, damage is shared between your
                  | health and your magic reserves. [demonic ancestry]
    16 | D        | Reached XP level 2. HP: 9/19 MP: 1/7
   221 | D        | Learned a level 2 spell: Call Imp
   223 | D        | Noticed an ogre
   235 | D        | Killed an ogre
   235 | D        | Reached skill level 5 in Conjurations
   235 | D        | Reached XP level 3. HP: 24/24 MP: 0/10
   235 | D        | Gained mutation: You have sharp toenails. [demonic
                  | ancestry]
   235 | D        | Reached XP level 4. HP: 30/30 MP: 0/12
   318 | D        | Killed a gargoyle
   330 | D        | Learned a level 3 spell: Mephitic Cloud
   333 | D        | Learned a level 2 spell: Blink
   345 | D        | Noticed Sigmund
   353 | D        | Killed Sigmund
   353 | D        | Reached skill level 7 in Conjurations
   353 | D        | Reached XP level 5. HP: 35/35 MP: 6/15
   430 | D        | Found an ornate altar of the Wu Jian Council.
   430 | D        | Found a shimmering blue altar of Sif Muna.
   434 | D        | Found a radiant altar of Vehumet.
   535 | D        | Found Tahoogeph's Assorted Antiques.
   535 | D        | Found an ancient bone altar of Kikubaaqudgha.
   535 | D        | Found a hazy altar of Hepliaklqana.
   535 | D        | Found a stormy altar of Qazlal.
   535 | D        | Found a hide-covered altar of Uskayaw.
   535 | D        | Found a blossoming altar of Fedhas.
   535 | D        | Found a bloodstained altar of Trog.
   535 | D        | Found an iron altar of Okawaru.
   535 | D        | Found a basalt altar of Yredelemnul.
   535 | D        | Found a glowing golden altar of the Shining One.
   535 | D        | Found a snail-covered altar of Cheibriados.
   535 | D        | Found a sacrificial altar of Ru.
   535 | D        | Found a glowing silver altar of Zin.
   535 | D        | Found a shadowy altar of Dithmenos.
   535 | D        | Found a white marble altar of Elyvilon.
   535 | D        | Noticed a yak
   544 | D        | Killed a yak
   544 | D        | Reached skill level 8 in Conjurations
   544 | D        | Gained mutation: You have razor-sharp toenails. [demonic
                  | ancestry]
   544 | D        | Reached XP level 6. HP: 33/41 MP: 6/17
   548 | D        | Found an opulent altar of Gozag.
   549 | D        | Found a sparkling altar of Nemelex Xobeh.
   552 | D        | Became a worshipper of Fedhas Madash
   554 | D        | Bought a scroll labeled QEOSEY LILU for 28 gold pieces
   554 | D        | Bought a scroll labeled PUGOEGIERI for 28 gold pieces
   554 | D        | Bought a scroll of identify for 56 gold pieces
   554 | D        | Bought an emerald ring for 140 gold pieces
   619 | D        | Noticed Sonja
   628 | D        | Killed Sonja
   628 | D        | Reached skill level 10 in Spellcasting
   628 | D        | Reached skill level 11 in Conjurations
   628 | D        | Reached XP level 7. HP: 46/46 MP: 9/21
   715 | D        | Found Esoizouwn's Distillery.
   771 | D        | Noticed a deep troll
   790 | D        | Mangled by a deep troll

Illustrated notes

Levels and vault maps discovered:
D:        dungeon_sprint_1 [red_sonja_temple_1, red_sonja_temple_small_1]

Skill      XL: |  1  2  3  4  5  6 |
---------------+-------------------+-----
Spellcasting   | 4 6 7 8 10 | 10.6
Conjurations   | 4 5 7 8 11 | 11.0
Dodging        | |  1.7
Stealth        | |  1.7
Summonings     | |  1.0
Translocations | |  0.8

Action                   |  1- 3 |  4- 6 |  7- 9 || total
-------------------------+-------+-------+-------++-------
Melee: Unarmed           |    10 |       |       ||    10
       Scythe            |       |     4 |       ||     4
       Kick              |       |     1 |       ||     1
       Short sword       |       |       |     2 ||     2
 Cast: Magic Dart        |     5 |     1 |     1 ||     7
       Call Imp          |     2 |     8 |     3 ||    13
       Mephitic Cloud    |       |     3 |     3 ||     6
       Blink             |       |       |     2 ||     2
  Use: Potion            |     1 |       |     1 ||     2
       Scroll            |       |     4 |     1 ||     5
 Stab: Sleeping          |       |     1 |       ||     1
Armor: Robe              |       |       |     1 ||     1
Dodge: Dodged            |     3 |     4 |     1 ||     8
